 Dungeon Crawl Stone Soup version 0.20.1-1-g8b1a95d (webtiles) character file.

2690 manon the Basher (level 9, -5/52 HPs)
             Began as a Gargoyle Fighter on Sept 10, 2017.
             Was an Initiate of Ru.
             Slain by Ratty's ghost (16 damage)
             ... on level 6 of the Dungeon.
             The game lasted 00:21:28 (5013 turns).

manon the Basher (Gargoyle Fighter)                 Turns: 5013, Time: 00:21:29

Health: -5/52      AC: 14    Str: 28    XL:     9   Next: 64%
Magic:  6/9        EV: 10    Int:  9    God:    Ru [......]
Gold:   394        SH:  4    Dex:  9    Spells: 8/8 levels left

rFire    + . .     SeeInvis .   b - +1 whip (flame)
rCold    . . .     Gourm    .   E - +0 buckler
rNeg     + + .     Faith    .   h - +1 scale mail "Zieraothrao" {rElec Regen+} (curse)
rPois    ∞         Spirit   .   (no helmet)
rElec    +         Reflect  .   (no cloak)
rCorr    .         Harm     .   M - +0 pair of gloves
MR       .....                  (no boots)
Stlth    ..........             (no amulet)
Regen    0.6/turn               g - ring of positive energy
MPRegen  0.2/turn               v - ring of protection from fire

@: mighty
A: negative energy resistance 1, electricity resistance, unbreathing,
petrification resistance, rot immunity, AC +5
a: Renounce Religion


You were on level 6 of the Dungeon.
You worshipped Ru.
Ru was noncommittal.
You were hungry.

You visited 1 branch of the dungeon, and saw 6 of its levels.
You also visited: Ossuary.

You collected 394 gold pieces.

Inventory:

Hand Weapons
 a - a +0 flail
 b - a +1 whip of flaming (weapon)
 F - a -2 flail
Missiles
 u - 45 bolts
Armour
 c - a +0 shield
 h - the cursed +1 scale mail "Zieraothrao" (worn) {rElec Regen+}
   (You found it on level 5 of the Dungeon)

   It insulates you from electricity.
   It increases your rate of regeneration.
   It has a curse placed upon it.
 s - a +0 pair of gloves
 E - a +0 buckler (worn)
 L - a +0 scale mail
 M - a +0 pair of gloves (worn)
Jewellery
 g - a ring of positive energy (left hand)
 v - a ring of protection from fire (right hand)
Wands
 K - a wand of random effects (13/48)
Scrolls
 e - a scroll of immolation {unknown}
 l - a scroll of remove curse
 n - a scroll of enchant armour {unknown}
 o - 2 scrolls of random uselessness {unknown}
 x - 2 scrolls of identify {unknown}
 y - a scroll of amnesia {unknown}
 G - a scroll of noise {unknown}
 H - a scroll of teleportation {unknown}
 J - a scroll of enchant weapon {unknown}
Potions
 d - a potion of ambrosia {unknown}
 i - 2 potions of curing
 j - 2 potions of agility {unknown}
 k - a potion of cancellation {unknown}
 q - 2 potions of degeneration {unknown}
 r - 7 potions of mutation {unknown}
 t - a potion of lignification {unknown}
 w - 5 potions of flight {unknown}
 z - a potion of heal wounds {unknown}
 A - a potion of brilliance {unknown}
 B - 2 potions of invisibility {unknown}
Comestibles
 f - 4 bread rations
 m - 2 meat rations
 p - 2 royal jellies
 C - 3 fruits


   Skills:
 * Level 3.8 Fighting
 - Level 12.0 Maces & Flails
 + Level 3.4 Armour
 - Level 5.2 Shields


You had 8 spell levels left.
You didn't know any spells.

Dungeon Overview and Level Annotations

Branches:
Dungeon (6/15)
 Temple: D:4-7

Altars:
Fedhas
Gozag
Ru
Uskayaw
Vehumet
Zin
The Shining One

Shops:
D:4 }

Annotations:
D:6 Duvessa; Ratty's ghost, novice TrWr


Innate Abilities, Weirdness & Mutations

You are resistant to torment.
Your stone body is resilient. (AC +5)
You are immune to poison.
You resist negative energy. (rN+)
You are resistant to electric shocks. (rElec)
You can survive without breathing.
You are immune to petrification.
You are immune to rotting.


Message History

Duvessa hits you with an antimagic rapier.
You feel your power leaking away.
You hit Duvessa but do no damage.
Duvessa is moderately wounded.
Ratty's ghost hits you.
* * * LOW HITPOINT WARNING * * *
Okay, then.
Evoke which item? (* to show all) (? for menu, Esc to quit)
Aiming: Random Effects (will waste charges)
Press: ? - help, Shift-Dir - straight line, f - Duvessa
Aim: Duvessa, wielding an antimagic rapier, wearing a glowing leather armour and carrying a wand of polymorph (?/24) {zapped: 3} (moderately wounded, berserk, fast, unusually strong, confused)
The puff of flame hits Duvessa.
Duvessa appears unharmed.
Duvessa is moderately wounded.
Evoking this partially-identified wand wasted a few charges.
Ratty's ghost hits you but does no damage.
You feel better. Ratty's ghost hits you!
* * * LOW HITPOINT WARNING * * *
You feel very mighty all of a sudden. Ratty's ghost hits you!
You die...

....... ...... ##
.......##..... ..
............ ..
..#.#..... ## #......#
..$.. . #......# #..##
...#####....p.# # #....
#......e.....# #. #....
##..)@).....###.##..p.
#...##.W......##.......
... #......#..##......
# ?.....####.........
.......?.....<..#....
#.......####.##...###
#.......#......[....#
..........#....[.)...
...W....#......>.....


You could see Duvessa (berserk), Ratty's ghost and a neutral freed slave
(wandering).

Vanquished Creatures
  Pikel (D:6)
  Grinder (D:5)
  Sigmund (D:3)
  Edmund (D:6)
  Menkaure (D:5)
  3 ice beasts
  2 bullfrogs (D:6)
  A gnoll sergeant (D:5)
  5 water moccasin zombies
  Dowan (D:6)
  A scorpion (D:4)
  2 howler monkeys
  A bullfrog zombie (D:6)
  A centaur skeleton (D:5)
  A hound (D:4)
  2 iguanas
  An orc priest (D:3)
  4 orc wizards
  Terence (D:2)
  2 worker ants
  4 big kobold zombies (Ossuary)
  3 mummies
  12 gnolls (D:5)
  10 adders
  An ooze (D:2)
  2 adder zombies (Ossuary)
  2 worms
  2 dart slugs
  2 leopard geckos
  9 orcs
  7 bats
  3 giant cockroaches
  6 goblins
  7 hobgoblins
  6 jackals
  12 kobolds
  A quokka (D:6)
  6 frilled lizards
  A gnoll zombie (Ossuary)
  9 hobgoblin zombies
  4 kobold zombies (Ossuary)
  A leopard gecko skeleton (D:4)
  5 orc zombies (Ossuary)
  11 rats
159 creatures vanquished.

Vanquished Creatures (others)
  A slave (D:6)
1 creature vanquished.

Grand Total: 160 creatures vanquished

Notes
Turn   | Place    | Note
-------+----------+-------------------------------------------
     0 | D:1      | manon the Gargoyle Fighter began the quest for the Orb.
     0 | D:1      | Reached XP level 1. HP: 14/14 MP: 1/1
    80 | D:1      | Reached XP level 2. HP: 19/19 MP: 2/2
   136 | D:1      | Reached skill level 3 in Maces & Flails
   265 | D:1      | Reached XP level 3. HP: 20/23 MP: 3/3
   268 | D:1      | You fall through a shaft!
   343 | D:2      | Noticed Terence
   354 | D:2      | Killed Terence
   354 | D:2      | Reached skill level 4 in Maces & Flails
   354 | D:2      | Reached XP level 4. HP: 21/28 MP: 4/4
   696 | D:2      | Reached skill level 5 in Maces & Flails
  1027 | D:1      | Reached XP level 5. HP: 32/32 MP: 5/5
  1801 | D:3      | Found an opulent altar of Gozag.
  1802 | D:3      | Noticed Sigmund
  1815 | D:3      | Killed Sigmund
  1815 | D:3      | Reached skill level 6 in Maces & Flails
  1815 | D:3      | Reached XP level 6. HP: 36/37 MP: 6/6
  2387 | D:4      | Found Utiaquej's Gadget Boutique.
  2439 | D:4      | Reached skill level 7 in Maces & Flails
  2478 | D:4      | Found a glowing golden altar of the Shining One.
  2478 | D:4      | Found a radiant altar of Vehumet.
  2478 | D:4      | Found a glowing silver altar of Zin.
  2478 | D:4      | Found a hide-covered altar of Uskayaw.
  2478 | D:4      | Found a blossoming altar of Fedhas.
  2490 | D:5      | Entered Level 5 of the Dungeon
  2608 | D:5      | Reached XP level 7. HP: 21/41 MP: 7/7
  2886 | D:5      | Reached skill level 8 in Maces & Flails
  3040 | D:4      | Found a sand-covered staircase.
  3064 | Ossuary  | Entered an ossuary
  3257 | Ossuary  | Reached skill level 9 in Maces & Flails
  3257 | Ossuary  | Reached XP level 8. HP: 46/46 MP: 8/8
  3803 | D:4      | Found a sacrificial altar of Ru.
  3821 | D:4      | Became a worshipper of Ru the Awakened
  4055 | D:5      | Noticed Menkaure
  4074 | D:5      | Killed Menkaure
  4074 | D:5      | Reached skill level 10 in Maces & Flails
  4192 | D:5      | Got a faintly humming scale mail
  4203 | D:5      | Identified the cursed +1 scale mail "Zieraothrao" {rElec Regen+} (You found it on level 5 of the Dungeon)
  4444 | D:5      | Noticed Grinder
  4462 | D:5      | Killed Grinder
  4462 | D:5      | Reached skill level 11 in Maces & Flails
  4462 | D:5      | Reached XP level 9. HP: 47/51 MP: 9/9
  4742 | D:6      | Noticed Pikel
  4777 | D:6      | Killed Pikel
  4853 | D:6      | Reached skill level 5 in Shields
  4910 | D:6      | Noticed Edmund
  4931 | D:6      | Killed Edmund
  4931 | D:6      | Reached skill level 12 in Maces & Flails
  4932 | D:6      | Noticed Ratty's ghost (novice TrWr)
  4979 | D:6      | Noticed Duvessa
  4981 | D:6      | Noticed Dowan
  4991 | D:6      | Killed Dowan
  5013 | D:6      | Slain by Ratty's ghost

Skill      XL: |  1  2  3  4  5  6  7  8  9 |
---------------+----------------------------+-----
Maces & Flails | 3 4 5 6 7 9 11 12 | 12.0
Shields        | 5 |  5.2
Fighting       | |  3.8
Armour         | |  3.4

Action                   |  1- 3 |  4- 6 |  7- 9 || total
-------------------------+-------+-------+-------++-------
Melee: Flail             |   133 |   182 |   380 ||   695
       Whip              |       |       |    75 ||    75
       Unarmed           |       |       |    19 ||    19
Evoke: Wand              |       |       |     1 ||     1
  Use: Potion            |       |     2 |     5 ||     7
       Scroll            |       |       |     3 ||     3
 Stab: Confused          |       |       |     2 ||     2
  Eat: Chunk             |       |     6 |     6 ||    12
       Royal jelly       |       |       |     1 ||     1
Armor: Scale mail        |    92 |   118 |   204 ||   414
       Skin              |       |       |     5 ||     5
Dodge: Dodged            |    51 |    64 |   125 ||   240
Block: Shield            |    82 |   110 |   129 ||   321
       Buckler           |       |       |    15 ||    15
